 Dungeon Crawl Stone Soup version 0.29.1-2-gbd0b4ee654 (webtiles) character file.

Game seed: 14431238870563273365

886 safid the Skirmisher (level 7, 0/67 HPs)
             Began as a Minotaur Hunter on Nov 4, 2022.
             Slain by Pikel
             ... wielding a +1 whip of freezing
              (8 damage)
             ... on level 4 of the Dungeon.
             The game lasted 00:06:23 (3642 turns).

safid the Skirmisher (Minotaur Hunter)              Turns: 3642, Time: 00:06:24

Health: 0/67       AC:  5    Str: 15    XL:     7   Next: 76%
Magic:  6/6        EV: 13    Int:  9    God:
Gold:   224        SH:  0    Dex: 26    Spells: 6/6 levels left

rFire   . . .      SeeInvis .   a - +0 shortbow
rCold   + . .      Faith    .   (shield currently unavailable)
rNeg    . . .      Spirit   .   c - +0 leather armour
rPois   .          Reflect  .   (helmet restricted)
rElec   .          Harm     .   u - +0 cloak
rCorr   .          Rampage  .   (no gloves)
Will    .....                   t - +0 pair of boots "Itocytahi" {rC+ Int+3 Dex+4}
Stlth   ++........              n - amulet of the acrobat
HPRegen 0.21/turn               m - +6 ring of dexterity
MPRegen 0.10/turn               (no ring)

@: no status effects
A: horns 2, retaliatory headbutt
a: no special abilities


You were on level 4 of the Dungeon.
You visited 1 branch of the dungeon, and saw 4 of its levels.
You also visited: Sewer.

You collected 224 gold pieces.

Inventory:

Hand Weapons
 a - a +0 shortbow (weapon)
Missiles
 A - 2 throwing nets
Armour
 c - a +0 leather armour (worn)
 t - the +0 pair of boots "Itocytahi" (worn) {rC+ Int+3 Dex+4}
   (You found it on level 3 of the Dungeon)

   Int:       It affects your intelligence (+3).
   Dex:       It affects your dexterity (+4).
   rC:        It protects you from cold.
 u - a +0 cloak (worn)
Jewellery
 m - a +6 ring of dexterity (left hand)
 n - an amulet of the acrobat (around neck)
Wands
 p - a wand of quicksilver (2)
Scrolls
 b - 2 scrolls of immolation
 f - 2 scrolls of identify {unknown}
 h - 4 scrolls of teleportation {unknown}
 i - a scroll of poison {unknown}
 k - 3 scrolls of enchant weapon {unknown}
 s - 2 scrolls of noise {unknown}
 w - a scroll of fog {unknown}
 y - a scroll of vulnerability {unknown}
 z - a scroll of torment {unknown}
Potions
 d - 4 potions of attraction {unknown}
 e - a potion of might {unknown}
 g - a potion of cancellation {unknown}
 j - a potion of resistance {unknown}
 l - a potion of lignification {unknown}
 o - a potion of curing {unknown}
 q - 2 potions of brilliance {unknown}
 r - a potion of heal wounds {unknown}
 v - 2 potions of haste {unknown}
 x - 2 potions of mutation {unknown}


   Skills:
 + Level 7.9 Fighting
 + Level 8.2 Ranged Weapons
 - Level 2.1 Dodging
 - Level 0.7 Stealth


You had 6 spell levels left.
You didn't know any spells.
Your spell library contained the following spells:

 Spells                   Type           Power      Damage    Failure   Level
 Necrotise                Necr           0%         1d4       45%         1
 Conjure Flame            Conj/Fire      0%         6-21      83%         3
 Dazzling Flash           Conj/Hex       0%         N/A       83%         3
 Ignite Poison            Fire/Tmut/Pois 0%         N/A       83%         3
 Vampiric Draining        Necr           0%         2d6       83%         3
 Iskenderun's Mystic Bla  Conj/Tloc      0%         2d3       99%         4
 Sticky Flame             Conj/Fire      0%         2d3       99%         4
 Agony                    Necr           0%         N/A       100%        5
 Starburst                Conj/Fire      0%         6d3       100%        6


Dungeon Overview and Level Annotations

Branches:
Dungeon (4/15)              Sewer (visited)
 Temple: D:4-7

Altars:
Wu Jian

Shops:
D:2 =

Annotations:
D:4 Pikel


Innate Abilities, Weirdness & Mutations

You have a pair of horns on your head.
You reflexively headbutt those who attack you in melee.


Message History

Press: ? - help, Q - select action, (/) - cycle Shift-Dir - straight line, f/p - Pikel
Aim: Pikel, wielding a +1 whip of freezing and wearing a +0 robe (almost dead, 66% to hit)
You shoot an arrow. The arrow hits Pikel.
Pikel is almost dead.
Pikel hits you with a +1 whip of freezing!
* * * LOW HITPOINT WARNING * * *
Pikel freezes you.
* * * LOW HITPOINT WARNING * * *
Unknown command.
Unknown command.
Fire: a) +0 shortbow
Press: ? - help, Q - select action, (/) - cycle Shift-Dir - straight line, f/p - Pikel
Aim: Pikel, wielding a +1 whip of freezing and wearing a +0 robe (almost dead, 66% to hit)
You shoot an arrow. The arrow closely misses Pikel.
The arrow hits the lemure but does no damage.
The lemure is heavily wounded.
Pikel misses you.
Unknown command.
Fire: a) +0 shortbow
Press: ? - help, Q - select action, (/) - cycle Shift-Dir - straight line, f/p - Pikel
Aim: Pikel, wielding a +1 whip of freezing and wearing a +0 robe (almost dead, 66% to hit)
You shoot an arrow. The arrow barely misses Pikel.
The arrow barely misses the lemure.
Pikel barely misses you.
Unknown command.
Fire: a) +0 shortbow
Press: ? - help, Q - select action, (/) - cycle Shift-Dir - straight line, f/p - Pikel
Aim: Pikel, wielding a +1 whip of freezing and wearing a +0 robe (almost dead, 66% to hit)
You shoot an arrow. The arrow closely misses Pikel.
The arrow closely misses the lemure.
Pikel hits you with a +1 whip of freezing!
* * * LOW HITPOINT WARNING * * *
Unknown command.
Fire: a) +0 shortbow
Press: ? - help, Q - select action, (/) - cycle Shift-Dir - straight line, f/p - Pikel
Aim: Pikel, wielding a +1 whip of freezing and wearing a +0 robe (severely wounded, 66% to hit)
You shoot an arrow. The arrow hits Pikel.
Pikel is almost dead.
Pikel hits you with a +1 whip of freezing!
You die...

.....[...............#..........#
...(................ #..........#
.....~~~....###....# ##.######'##
....~~~~~...###....####.####....#
....~~.~~.....#.........#.......#
....~~~~~.....#.........#.......#
.....~~~......#.........#.......#
..............#.........#.......#
...........#.##.@.###...#####'###
#....##########K#####...####....#
###### .55 #...[.........# #
....5 +.............# .# #.....
#.............# .# #.....
#.............# .# ##.##.
##.##...#.....# ## ## ##
###########


You could see Pikel and 3 lemures.

Vanquished Creatures
  Eustachio (D:4)
  Duvessa (D:4)
  4 kobold brigands (Sewer)
  Dowan (D:4)
  An orc priest (D:4)
  An iguana (D:4)
  3 gnolls (D:4)
  7 adders
  5 river rats
  2 ufetubi (D:4)
  A worm (D:2)
  11 orcs
  5 ball pythons
  2 bats
  4 endoplasms
  12 giant cockroaches
  10 goblins
  3 hobgoblins
  12 jackals
  5 quokkas
  2 frilled lizards
  9 kobolds
  11 rats
113 creatures vanquished.

Vanquished Creatures (others)
  5 plants (Sewer)
5 creatures vanquished.

Grand Total: 118 creatures vanquished

Notes
Turn   | Place    | Note
-------+----------+-------------------------------------------
     0 | D:1      | safid the Minotaur Hunter began the quest for the Orb.
     0 | D:1      | Reached XP level 1. HP: 18/18 MP: 0/0
   355 | D:1      | Reached XP level 2. HP: 25/25 MP: 1/1
   580 | D:1      | Found a faded altar of an unknown god.
   980 | D:2      | Found Xegiacaf's Jewellery Shop.
   995 | D:2      | Identified the +2 robe of Hubris {*Slow +Inv Str+4 Int+3}
  1051 | D:2      | Found an ornate altar of the Wu Jian Council.
  1100 | D:2      | Reached skill level 5 in Ranged Weapons
  1100 | D:2      | Reached XP level 3. HP: 31/31 MP: 2/2
  1124 | D:2      | Identified the +1 robe of Joy {rF+}
  1532 | D:3      | Reached XP level 4. HP: 40/40 MP: 3/3
  2104 | D:3      | Identified the +0 pair of boots "Itocytahi" {rC+ Int+3
                  | Dex+4}
  2269 | D:4      | Found a glowing drain.
  2279 | D:4      | Noticed Eustachio
  2294 | D:4      | Killed Eustachio
  2295 | D:4      | Reached skill level 5 in Fighting
  2295 | D:4      | Reached skill level 6 in Ranged Weapons
  2295 | D:4      | Reached XP level 5. HP: 5/48 MP: 4/4
  2537 | Sewer    | Entered a sewer
  2579 | Sewer    | Reached XP level 6. HP: 45/57 MP: 5/5
  2747 | Sewer    | Reached skill level 7 in Ranged Weapons
  2771 | Sewer    | Reached XP level 7. HP: 64/64 MP: 6/6
  3256 | D:4      | Noticed Duvessa
  3256 | D:4      | Noticed Dowan
  3357 | D:4      | Killed Duvessa
  3364 | D:4      | Killed Dowan
  3496 | D:4      | Reached skill level 8 in Ranged Weapons
  3623 | D:4      | Noticed Pikel
  3642 | D:4      | Slain by Pikel

Illustrated notes

Levels and vault maps discovered:
D:1:      ncdulo_watergridlock, layout_loops_cross,
          shapermc_ecumenical_altar_starsandcircs
D:2:      minmay_roachtagon, layout_basic, serial_shops, shop, basic_altar
D:3:      layout_rooms, serial_co_window_serial, co_window_paths_b,
          co_window_paths_a, co_window_paths_b, co_window_paths_a,
          co_window_paths_a, co_window_paths_c, co_window_of_opportunity_c,
          co_window_unsneaky_path_a, co_window_broadway_c, co_window_broadway_a,
          co_window_corner_cb, glass_columns_a, bh_walls_and_bars
D:4:      layout_gridville, nemelex_dance_club_becter, portal_sewer_entry_a,
          uniq_duvessa, uniq_pikel, uniq_eustachio

Skill      XL: |  1  2  3  4  5  6  7 |
---------------+----------------------+-----
Fighting       | 3 4 5 6 7 |  7.9
Ranged Weapons | 5 6 7 8 |  8.2
Dodging        | |  2.1
Stealth        | |  0.7

Action                   |  1- 3 |  4- 6 |  7- 9 || total
-------------------------+-------+-------+-------++-------
 Fire: Shortbow          |   113 |    90 |   126 ||   329
Armor: Leather armour    |    15 |     6 |    11 ||    32
Dodge: Dodged            |    47 |    25 |    38 ||   110
